[Event "3rd Rio Open 2024"]
[Site "Rio de Janeiro"]
[Date "2024.04.23"]
[Round "1.1"]
[White "Laba, Otavio De Souza"]
[Black "Fier, Alexandr"]
[Result "0-1"]
[ECO "A69"]
[WhiteElo "1879"]
[BlackElo "2566"]
[Annotator "TA"]
[PlyCount "50"]
[EventDate "2024.04.12"]
[EventType "swiss"]
[EventCountry "BRA"]
[SourceTitle "playchess.com"]
[Source "ChessBase"]
[SourceQuality "1"]
[TimeControl "5400+30"]

1. d4 Nf6 2. c4 c5 3. d5 e6 4. Nc3 exd5 5. cxd5 d6 6. e4 g6 7. f4 Bg7 8. Nf3 O-O 9. Be2 Re8 10. Qc2 (10. Nd2 $15) 10... Bg4 (10... c4 $17 11. O-O (11. Bxc4 Nxe4 12. Nxe4 Bf5 $17) 11... b5) 11. O-O $11 Nbd7 12. a4 (12. h3 $11 {keeps the balance.} Bxf3 13. Bxf3 (13. Rxf3 a6 $15)) 12... Rc8 (12... Qe7 $17 13. Re1 Nxe4) 13. Be3 (13. f5 $11) 13... a6 (13... Qe7 $17 14. e5 dxe5) 14. a5 (14. Rae1 $15) 14... c4 ({Better is} 14... Nxe4 15. Nxe4 Bf5) 15. Ra4 {[%emt 0:08:19] [#]} (15. Bf2 $17 {was necessary.}) 15... Nc5 ({Black should try} 15... Nxe4 $1 $19 16. Nxe4 Rxe4 17. Qxe4 Bf5 (17... Bxb2 $2 18. Rxc4 Nc5 19. Qc2 $18) 18. Qxc4 Rxc4 19. Rxc4 Bxb2) 16. Bxc5 $15 (16. Rxc4 Ncxe4 (16... Qxa5 $2 17. b4 $18) 17. Bb6 Qd7 18. Nxe4 Rxe4 (18... Nxd5 19. Rxc8 Rxc8 20. Qb3 $18) 19. Rxc8+ Qxc8 20. Qxc8+ Bxc8 $17) 16... Rxc5 17. Bxc4 $2 {[%emt 0:00:15] [#] Loses the game.} (17. h3 $17 Bd7 18. Rxc4) 17... Bd7 $1 $19 {[%emt 0:01:10][%cal Of6e4] aiming for ...Nxe4!} ({Don't take} 17... Rxa5 18. e5 Bf5 19. Qb3 Rxa4 20. Nxa4 $19) 18. Rb4 Qxa5 ({Less strong is} 18... Rxa5 19. Rxb7 Qc8 20. Qb3 $15 (20. b4 $2 Ra3 $19)) 19. Qb3 b5 20. Bd3 Qb6 21. Rd4 (21. Kh1 {was forced.} a5 22. Ra4) 21... Ng4 22. e5 $2 (22. Kh1) 22... dxe5 {[%emt 0:00:07] Black is clearly winning.} 23. fxe5 Nxe5 24. Nxe5 Bxe5 25. Ne2 Rcc8 {[%emt 0:00:03] Weighted Error Value: White=1.04/Black=0.43.  Mistake:       	White=7     	Black=4      Inaccurate:     	White=1     	Black=1      OK:         	White=3     	Black=4      Best:        	White=1     	---        Strong:       	---       	Black=1} 0-1

[Event "3rd Rio Open 2024"]
[Site "Rio de Janeiro"]
[Date "2024.04.23"]
[Round "1.2"]
[White "Matsuura, Everaldo"]
[Black "De Freitas, Julio Eimard"]
[Result "1-0"]
[ECO "B90"]
[WhiteElo "2380"]
[BlackElo "1877"]
[Annotator "TA"]
[PlyCount "59"]
[EventDate "2024.04.12"]
[EventType "swiss"]
[EventCountry "BRA"]
[SourceTitle "playchess.com"]
[Source "ChessBase"]
[SourceQuality "1"]
[TimeControl "5400+30"]

1. e4 c5 2. Nf3 d6 3. d4 cxd4 4. Nxd4 Nf6 5. Nc3 a6 6. f3 e5 7. Nb3 Be6 8. Be3 Be7 9. Qd2 b5 10. O-O-O Nbd7 11. g4 O-O 12. Rg1 Rc8 13. g5 b4 (13... Nh5 {simplifies} 14. Kb1 Nb6 15. Qf2 Nc4) 14. gxf6 {[%emt 0:00:30] White is slightly better.} bxc3 15. Rxg7+ Kh8 16. Qg2 (16. bxc3 $14 Nxf6 17. Bh6) 16... Nxf6 ({Black should play} 16... Bxf6 $17 17. Rg3 Bh4 (17... cxb2+ 18. Kxb2 Nb6 19. Bxb6 $11)) 17. Bh6 (17. Bxa6 $11 Ra8 18. Rg1) 17... Rg8 $2 (17... Nh5 $17 {and life is bright. Threatens to win with ...Qc7.} 18. Rg4 Qc7 19. Bxa6 Bxg4 (19... cxb2+ 20. Kxb2 Bxg4 21. fxg4 $11) 20. Bxc8 Rxc8 (20... Bxc8 $2 21. Rg1 $18) 21. fxg4 Nf4 22. Bxf4 cxb2+ 23. Kb1 exf4) 18. Bxa6 {[%emt 0:00:30] White is more active.} (18. Rxg8+ Qxg8 19. Qg5 (19. Qxg8+ Rxg8 20. Be3 d5 $14) 19... Qg6 $14) (18. Bd3 $16) 18... Nh5 $2 {[%emt 0:00:30] [#] This move loses the game for Black.} (18... Ra8 $1 $14 19. Rg1 (19. Rxg8+ Qxg8 20. Rg1 Qg6 $17) 19... Ng4 (19... Rxa6 20. Rxg8+ Qxg8 21. Qxg8+ Nxg8 22. Bg7#) (19... cxb2+ $2 20. Kxb2 $18) 20. Rxg8+ (20. fxg4 $2 Rxg7 21. Bxg7+ Kxg7 $19) 20... Qxg8) 19. Rg1 $1 $40 {[%emt 0:00:30][%mdl 128] White attacks with force.} cxb2+ 20. Kxb2 Bf6 $2 (20... Re8 {is a better defense.} 21. Bxc8 Qxc8) 21. Rxg8+ Qxg8 22. Bxc8 Qxc8 23. Bg5 {[%emt 0:00:30][%cal Bh6g5,Bg5e7,Be7b4][%mdl 32] Bxf6+ would kill now.} Bg7 24. Be7 d5 25. Qg5 d4 (25... Qe8 $142 26. exd5 Bd7) 26. Bb4 Qb8 27. a3 Bxb3 28. cxb3 {[%emt 0:00:30] White mates.} Qb6 29. Qxh5 d3 30. Rg2 {[%emt 0:00:30] Weighted Error Value: White=0.30/Black=1.03.  Loses game:     	---       	Black=1      Mistake:       	White=3     	Black=4      Inaccurate:     	White=1     	---        OK:         	White=7     	Black=3      Best:        	White=2     	Black=1} 1-0

[Event "3rd Rio Open 2024"]
[Site "Rio de Janeiro"]
[Date "2024.04.23"]
[Round "1.3"]
[White "Brito, Vicente De Paulo Ale"]
[Black "Hoffman, Alejandro"]
[Result "0-1"]
[ECO "A45"]
[WhiteElo "1875"]
[BlackElo "2379"]
[Annotator "TA"]
[PlyCount "90"]
[EventDate "2024.04.12"]
[EventType "swiss"]
[EventCountry "BRA"]
[SourceTitle "playchess.com"]
[Source "ChessBase"]
[SourceQuality "1"]
[TimeControl "5400+30"]

1. d4 Nf6 2. Nc3 d6 3. Bf4 Nbd7 4. Nf3 c5 5. e3 a6 6. a4 b6 7. Bd3 Bb7 8. Qe2 {[%emt 0:09:47] The position is equal.} g6 9. h4 Bg7 10. Rd1 Qc7 11. Bh2 h6 12. Bc4 O-O 13. d5 (13. O-O $1 $11) 13... Rfb8 (13... b5 $1 $17 14. axb5 axb5 15. Bxb5 Nxd5 16. Nxd5 Bxd5) 14. e4 Ng4 15. Bf4 Bc8 16. Qd2 (16. Bd3 $15) 16... Ndf6 (16... b5 $1 $17 17. Be2 (17. axb5 $2 axb5 18. Nxb5 Qa5 $19) 17... Ndf6 (17... b4 18. Nb1 $17)) 17. O-O Nh5 18. Nh2 $2 {[%emt 0:06:25] [#]} ({White should try} 18. Be2 $15) 18... Nxf4 $1 $19 19. Nxg4 Bxg4 20. f3 Bd4+ 21. Kh1 Nh5 22. fxg4 Ng3+ 23. Kh2 Nxf1+ 24. Rxf1 Qd7 25. Qe2 b5 26. Qf3 $2 (26. axb5 Be5+ 27. g3) 26... f6 (26... bxc4 $142 27. Qxf7+ Kh8 28. Qxg6 Bg7 (28... Rxb2 29. Rf7 Be5+ 30. Kh1)) 27. axb5 axb5 28. Be2 Bxc3 29. bxc3 g5 (29... Kg7 $19 {is more deadly. Threatens to win with ...Ra2.} 30. h5 Ra3) 30. e5 $17 dxe5 31. Qe4 {[%emt 0:00:39] [#]} Qe8 {[%emt 0:03:59] Prevents Qg6+} (31... gxh4 $2 32. Qg6+ Kh8 33. Qxh6+ Kg8 34. Qg6+ (34. Qxh4 $2 Kg7 $19) 34... Kh8 35. Rf5 $18) 32. hxg5 hxg5 33. Bd3 (33. Rf3 $17) 33... Qf7 $19 34. Qf3 (34. Qf5 {was called for.}) 34... Kg7 35. Kg3 c4 36. Bf5 Rh8 37. Be6 (37. Kf2 {might work better.}) 37... Qg6 38. d6 (38. Bf5 $142 Qe8 (38... Qh6 $2 39. Kf2 $19) 39. Rb1) 38... e4 (38... exd6 $2 {too greedy.} 39. Qb7+ Kf8 40. Qxa8+ Qe8 41. Rxf6+ Kg7 42. Qf3 $18) 39. Qe3 Qh7 ({Weaker is} 39... exd6 40. Qb6 Raf8 41. Qxd6 $17) 40. Kf2 Qh2 (40... Ra2 $142 41. Rc1 exd6) 41. Qxe4 (41. d7 Qf4+ 42. Ke2 Qxe3+ (42... Qe5 43. Bf5 $19) 43. Kxe3) 41... Qxd6 {[%emt 0:00:11] aiming for ...Ra3.} 42. Re1 Ra7 {[%emt 0:02:46] Strongly threatening ...Qd2+.} (42... Qf4+ $2 43. Qxf4 gxf4 44. Bd5 $19) 43. Re2 (43. Bd5 $142) 43... Rh1 {[%emt 0:01:01] ( -> ...Raa1). Black is clearly winning.} 44. Bd5 Rd1 45. Bb7 Qb6+ {[%emt 0:00:21] Weighted Error Value: White=0.72/Black=0.41.  Loses game:     	White=1     	---        Mistake:       	White=9     	Black=5      Inaccurate:     	White=2     	---        OK:         	White=8     	Black=15     Best:        	White=2     	Black=3      Strong:       	---       	Black=1} 0-1

[Event "3rd Rio Open 2024"]
[Site "Rio de Janeiro"]
[Date "2024.04.23"]
[Round "1.4"]
[White "Lima, Darcy"]
[Black "Felix, Raimundo Nascimento"]
[Result "1-0"]
[ECO "B38"]
[WhiteElo "2369"]
[BlackElo "1850"]
[Annotator "TA"]
[PlyCount "89"]
[EventDate "2024.04.12"]
[EventType "swiss"]
[EventCountry "BRA"]
[SourceTitle "playchess.com"]
[Source "ChessBase"]
[SourceQuality "1"]
[TimeControl "5400+30"]

1. e4 c5 2. Nf3 a6 3. c4 Nc6 4. Nc3 d6 5. d4 cxd4 6. Nxd4 Nf6 7. Be2 g6 8. Be3 Bg7 9. O-O O-O 10. f3 Bd7 11. Qd2 Rb8 12. Nc2 Ne5 13. Na3 Bc6 (13... Qa5 $14) 14. b4 b6 {[%emt 0:01:19] White is slightly better.} 15. Rac1 Ba8 16. Rfd1 h5 17. Qe1 Nfd7 18. h3 Kh7 19. f4 Nc6 20. Nc2 Qc8 21. a3 Qb7 22. Bf3 Qc8 23. Na1 a5 ({Better is} 23... b5) 24. Nb5 axb4 25. axb4 Bb7 26. Nc2 {[%emt 0:06:48] White is more active.} Ra8 27. g4 (27. Nc3 $142) 27... hxg4 28. hxg4 (28. Qh4+ $1 $16 Kg8 29. hxg4 (29. Qxg4 Ra2 $11)) 28... Rh8 $1 $15 29. g5 Kg8 30. Bg2 Ra2 31. Nc3 $2 {[%emt 0:00:39] [#]} (31. Rd2 $11) 31... Ra8 $2 (31... Nxb4 $1 $17 {keeps the pressure on.} 32. Nxb4 Bxc3 33. Qxc3 Rxg2+ 34. Kxg2 Ne5) 32. Nd5 $16 {[%emt 0:01:13][%cal Ob4b5] Hoping for b5!} Qd8 ({Black should play} 32... Bf8 $14) 33. e5 $36 {[%emt 0:03:20][%mdl 2048] Black is under strong pressure.} Rc8 (33... Ncxe5 $16 {keeps fighting.} 34. Nxe7+ (34. fxe5 Nxe5 35. Bxb6 Qd7 $16) 34... Qxe7 35. Bxb7 Rc8) 34. Qf2 Qe8 {[%emt 0:02:57] [#]} (34... Ncxe5 $16 35. fxe5 Bxe5) 35. exd6 $1 $18 (35. Bxb6 dxe5 36. b5 e6 $16) (35. Nxb6 Nxb6 36. Bxb6 dxe5 $14) 35... exd6 36. Re1 ({Weaker is} 36. Nxb6 Nxb6 37. Bxb6 Nd8 $16) (36. Bxb6 $6 Ne7 $18) 36... Qd8 37. Rcd1 ({But not} 37. Bxb6 Nxb6 38. Qxb6 Rb8 39. Qxd8+ Rxd8) 37... Ba8 38. Bxb6 Qf8 (38... Nxb6 39. Nxb6 Nxb4) 39. b5 {[%emt 0:01:42][%cal Bb4b5,Bb5b6][%mdl 32] White is clearly winning.} Nce5 40. fxe5 Nxe5 (40... Bxe5 $142 41. Bd4 (41. Rxe5 dxe5 42. c5 Rh5 $18) 41... Bxd5) 41. Nce3 Qe8 42. Bd4 Qe6 43. b6 Bc6 44. Bb2 Rh5 45. Nf4 {[%emt 0:11:28][%csl LRe6,LRh5] Weighted Error Value: White=0.33/Black=0.48.  Mistake:       	White=3     	Black=8      Inaccurate:     	White=2     	Black=3      OK:         	White=12    	Black=8      Strong:       	White=1     	Black=1} 1-0

[Event "3rd Rio Open 2024"]
[Site "Rio de Janeiro"]
[Date "2024.04.23"]
[Round "1.5"]
[White "Rodrigues, Julliano de Araujo"]
[Black "Piccoli, Lucas Fonseca"]
[Result "0-1"]
[ECO "B33"]
[WhiteElo "1843"]
[BlackElo "2274"]
[Annotator "TA"]
[PlyCount "120"]
[EventDate "2024.04.12"]
[EventType "swiss"]
[EventCountry "BRA"]
[SourceTitle "playchess.com"]
[Source "ChessBase"]
[SourceQuality "1"]
[TimeControl "5400+30"]

1. e4 c5 2. Nf3 Nc6 3. d4 cxd4 4. Nxd4 Nf6 5. Nc3 e5 6. Ndb5 d6 7. Bg5 a6 8. Na3 b5 9. Nd5 Be7 10. Bxf6 Bxf6 11. c4 b4 {[%emt 0:00:08] B33: Sicilian: Pelikan and Sveshnikov Variations.} 12. Nc2 O-O 13. g3 Be6 14. Bg2 {[%emt 0:00:13] 14.h4 is vanishing.} (14. Ncxb4 Nxb4 15. Nxb4 Qb6 $19) 14... Bxd5 15. Qxd5 Qb6 16. b3 (16. Qxd6 $2 Rfd8 $19) 16... Nd4 17. Nxd4 exd4 18. Qf5 d3 19. e5 $146 ({Predecessor:} 19. Rd1 Bc3+ 20. Kf1 d2 21. h4 Rae8 22. Qd5 Re5 23. Qd3 f5 24. Qe3 Qc7 25. f4 fxe4 {0-1 Calvo Gonzalez,J (1762)-Ruiz Gonzalez,J (2102) ESP-ch U18 Salobrena 2020 (4)}) 19... d2+ (19... dxe5 $2 20. Bxa8 Rxa8 21. Qxd3 $18) (19... Bxe5 $5 20. Rd1 $8 Bc3+ 21. Kf1 d2 22. Bxa8 Rxa8 $11) 20. Kf1 $1 (20. Kxd2 $2 Qd4+ 21. Ke2 Rae8 $19) 20... Qd4 (20... Bxe5 $5 21. Rd1 $8 Rae8 (21... g6 22. Qd3 $11) 22. Rxd2 Bc3 $19) 21. Rd1 Rae8 22. Qf4 (22. exf6 $11 Re1+ 23. Rxe1 dxe1=Q+ (23... d1=Q 24. Bf3 $16) 24. Kxe1 Re8+ 25. Be4 Rxe4+ (25... Qxe4+ $2 26. Qxe4 Rxe4+ 27. Kd2 $16) (25... g6 26. Qf3 $16) 26. Kf1 gxf6 27. Qf3) 22... Qd3+ (22... Qxf4 {simplifies} 23. gxf4 dxe5 24. Rxd2 exf4 25. Bf3 Rd8) 23. Kg1 Rxe5 24. Qxd2 Qf5 25. h4 (25. Qxd6 Re2 26. Qb6 Qc2 $17 (26... Rxa2 27. Bd5 $15)) 25... Rfe8 26. Bh3 (26. Qxd6 Re2 27. Qb6 h5 $15 (27... Rxa2 28. Bc6 $11)) 26... Qf3 27. Bg2 Qf5 28. Bh3 Qh5 (28... Qf3 $11 29. Bg2 Qe2) 29. Kh2 $2 (29. Kg2 $14 {stays ahead.}) 29... Re2 $1 $19 30. Rhe1 Qf3 $1 31. Bg2 $2 (31. Rxe2 $2 Rxe2 32. Qf4 Rxf2+ 33. Kg1 Qxd1+ $19) (31. Qf4 Rxf2+ (31... Qxf2+ 32. Qxf2 Rxf2+ 33. Kg1 $15) (31... Qxf4 32. Rxe2 Rxe2 33. gxf4 $17) 32. Kg1 Rxe1+ 33. Rxe1) 31... Qxf2 $19 32. Rxe2 Rxe2 33. Qd5 h6 (33... Rxa2 34. Qa8+) 34. Qa8+ Kh7 35. Rxd6 $2 {[%emt 0:00:20] [#]} (35. Rd3) 35... Bxh4 $2 (35... Rxa2 36. h5 $17) (35... Re3 $1 36. Rxf6 Qxg3+ (36... Qxf6 $2 37. Qd5 $19) (36... gxf6 $2 37. Qb8 $19) 37. Kh1 Qxh4+ (37... gxf6 $2 38. Bf1 $19) 38. Kg1 Qxf6 (38... gxf6 $2 39. Qd5 $19)) 36. Rd3 $19 Bf6 37. Qd5 (37. Qf3 $17) 37... Bc3 38. Kh3 Re5 (38... Be5 $19 39. Qf3 g5 (39... Rxa2 40. Rd5 $17) 40. Qxf2 Rxf2) 39. Rf3 Rxd5 ({Much worse is} 39... Qxa2 $6 40. Qxf7 (40. Qd3+ Kg8 $11) 40... Re2 (40... Qxb3 $2 {loses.} 41. Bf1 $18) 41. Rf2 $11) 40. Rxf2 Rh5+ 41. Kg4 Rg5+ 42. Kf3 (42. Kh3 $17) 42... Be1 $19 43. Rc2 Rxg3+ 44. Ke4 Bc3 45. c5 {[%emt 0:00:32] [#]} (45. Kd5 $17) 45... Rg5 $1 $19 46. c6 Rc5 47. Kd3 Kg6 ({Black should try} 47... g5 $19 {And now ...f5 would win.} 48. a3 a5) 48. Re2 $2 (48. a3 $17 a5 49. axb4 axb4 50. Rf2) 48... Be5 49. Be4+ $2 (49. Re4 Kf5 50. Rxb4) 49... f5 $19 50. Bg2 Kf6 51. Rc2 Bc3 $2 (51... Rxc2 52. Kxc2 g5) 52. Re2 Kf7 53. Bf3 g6 54. Ke3 (54. Rh2 {is a better defense.}) 54... g5 $19 55. Kd3 g4 56. Bg2 h5 57. Ke3 Be5 58. Kd3 h4 59. Rf2 Ke6 (59... Rc3+ $142 60. Ke2 Kg6) 60. Ke3 h3 0-1

[Event "3rd Rio Open 2024"]
[Site "Rio de Janeiro"]
[Date "2024.04.23"]
[Round "2.1"]
[White "Fier, Alexandr"]
[Black "Fonseca, Luis Ernesto Serra A"]
[Result "1-0"]
[ECO "C54"]
[WhiteElo "2566"]
[BlackElo "2018"]
[Annotator "TA"]
[PlyCount "63"]
[EventDate "2024.04.12"]
[EventType "swiss"]
[EventCountry "BRA"]
[SourceTitle "playchess.com"]
[Source "ChessBase"]
[SourceQuality "1"]
[TimeControl "5400+30"]

1. e4 e5 2. Nf3 Nc6 3. Bc4 Bc5 4. c3 Nf6 5. d4 exd4 6. e5 d5 7. Bb5 Ne4 8. cxd4 Bb4+ 9. Bd2 Bd7 10. Bxb4 Nxb4 11. Bxd7+ Qxd7 {[%emt 0:00:09] The position is equal.} 12. O-O O-O 13. Nc3 Nxc3 14. bxc3 Nc6 15. Qb1 b6 16. Ng5 g6 17. f4 Ne7 18. Qd3 c5 19. Rae1 {[%emt 0:00:14][%cal Og5f7] White is much more active.} cxd4 20. cxd4 {[%emt 0:01:42][%cal Og5f7] And now Nxf7! would win.} Rac8 {[%emt 0:01:38] [#]} (20... f6 $16 21. Nf7 Rac8 (21... Rxf7 $2 22. e6 $18)) 21. h3 $2 ({White has to play} 21. Nxf7 $1 $18 Rc6 (21... Rxf7 $2 22. e6 $18) 22. Nd6) 21... Rc4 $2 {[%emt 0:02:46] [#]} (21... Qa4 $11 {and Black has nothing to worry.}) 22. g4 $2 (22. Nxf7 $1 $18 Nf5 (22... Rxf7 $2 {is the wrong capture.} 23. e6 $18) 23. e6) 22... Qa4 {[%emt 0:05:17] This move loses the game for Black.} ({Better is} 22... Qc8 $14) 23. f5 $18 Qc2 $2 (23... Rxd4 24. Qe3 Rxg4+ (24... h6 $2 25. f6 $18) 25. hxg4 Qxg4+ 26. Kh2 Qh5+ 27. Kg2 Qg4+ 28. Qg3 Qxg3+ 29. Kxg3 Nxf5+ 30. Kf2 d4) 24. Qxc2 Rxc2 25. f6 Nc6 26. e6 Nxd4 (26... Nd8 $142 27. e7 Re8 28. exd8=N (28. exd8=R Rxd8 29. Re7 Rf8 $18) 28... Rxd8) 27. exf7+ Rxf7 28. Re8+ Rf8 29. f7+ Kg7 30. Rxf8 Ne2+ 31. Kh2 {[%emt 0:00:04] White wants to mate with Rg8+.} Nd4+ 32. Kh1 {[%emt 0:00:08] Weighted Error Value: White=0.24 (precise) /Black=0.87.  Loses game:     	---       	Black=1      Missed win:     	White=1     	---        Mistake:       	White=1     	Black=4      Inaccurate:     	---       	Black=1      OK:         	White=7     	Black=3      Best:        	White=4     	Black=1} 1-0

[Event "3rd Rio Open 2024"]
[Site "Rio de Janeiro"]
[Date "2024.04.23"]
[Round "2.2"]
[White "Dias, Clara"]
[Black "Matsuura, Everaldo"]
[Result "0-1"]
[ECO "B48"]
[WhiteElo "2018"]
[BlackElo "2380"]
[Annotator "TA"]
[PlyCount "63"]
[EventDate "2024.04.12"]
[EventType "swiss"]
[EventCountry "BRA"]
[SourceTitle "playchess.com"]
[Source "ChessBase"]
[SourceQuality "1"]
[TimeControl "5400+30"]

1. e4 c5 2. Nf3 e6 3. d4 cxd4 4. Nxd4 Nc6 5. Nc3 Qc7 6. Be3 a6 7. Qd2 Nf6 8. f3 b5 9. g4 Bb7 10. g5 Nh5 ({Black should try} 10... Nxd4 $11 11. Bxd4 Nh5) 11. O-O-O Ne5 {[%emt 0:14:16] White is slightly better.} 12. Rg1 (12. Kb1 $14) 12... Bb4 $1 $11 13. f4 Bxc3 14. Qxc3 Qxc3 15. bxc3 Nc4 16. Bxc4 bxc4 17. e5 g6 18. Kd2 Ng7 19. Rb1 Be4 {[%emt 0:02:33] Black is weak on the dark squares} 20. Rb4 h6 21. Re1 (21. f5 $15 hxg5 (21... exf5 22. gxh6 Nh5 23. Ne2 $14) 22. fxg6) 21... hxg5 $17 22. Bg1 {[%emt 0:01:41] [#]} Bd5 23. fxg5 Rh5 24. Ne2 Rxg5 25. Nf4 Rg4 26. Nxd5 exd5 27. Rb6 Ne6 {[%emt 0:01:49] [#] ...Ng5 would now be deadly.} 28. Rd6 (28. Be3 $17) 28... Rg2+ 29. Kd1 Rb8 30. Be3 $2 (30. Kc1) 30... Rb1+ $19 (30... Rxh2 $2 31. Kc1 $19) 31. Bc1 Nc5 (31... Nd4 $142 32. Rb6 Rxb6 33. cxd4 Rb1 (33... Rxh2 $2 34. Re2 $19)) 32. Rxd5 {[%emt 0:01:33] Weighted Error Value: White=0.49/Black=0.26 (precise) .  Mistake:       	White=4     	Black=1      Inaccurate:     	White=4     	---        OK:         	White=4     	Black=10     Best:        	White=1     	Black=3      Strong:       	---       	Black=1} 0-1

[Event "3rd Rio Open 2024"]
[Site "Rio de Janeiro"]
[Date "2024.04.23"]
[Round "2.3"]
[White "Urquiza, Marcello de Albuquer"]
[Black "Lima, Darcy"]
[Result "0-1"]
[ECO "B83"]
[WhiteElo "2005"]
[BlackElo "2369"]
[Annotator "TA"]
[PlyCount "62"]
[EventDate "2024.04.12"]
[EventType "swiss"]
[EventCountry "BRA"]
[SourceTitle "playchess.com"]
[Source "ChessBase"]
[SourceQuality "1"]
[TimeControl "5400+30"]

1. e4 c5 2. Nf3 e6 3. d4 cxd4 4. Nxd4 Nf6 5. Nc3 d6 6. Be2 Be7 7. O-O O-O 8. Be3 Nc6 9. Nb3 a6 10. a4 b6 11. f4 Bb7 12. Bf3 Nd7 13. Qe1 Na5 {[%emt 0:04:06] The position is equal.} 14. Rd1 Nc4 15. Bc1 b5 16. Kh1 Qb6 17. Nd4 Bf6 18. e5 (18. Nde2 {simplifies} b4 19. b3 bxc3 20. bxc4 Qc7 21. Ba3) 18... dxe5 19. Nxe6 Rfe8 {[%emt 0:10:13] [#]} (19... fxe6 $11 {keeps the balance.} 20. Rxd7 Bxf3 21. Rxf3 exf4 22. Bxf4 e5 (22... Nxb2 $2 23. Be5 $18)) 20. Rxd7 (20. Nd5 $1 $16 Bxd5 21. Bxd5) 20... Bxf3 $15 21. Rxf3 (21. Nxg7 $15 Bxg2+ (21... Bxg7 22. gxf3 exf4 23. Re7 $15) 22. Kxg2 Bxg7 23. axb5) 21... Qxe6 $17 (21... fxe6 22. b3 Qc6 23. Rfd3 $16) 22. Rd1 {[%emt 0:01:03] [#]} e4 $1 $36 {[%emt 0:01:04][%mdl 2048] Black is in control. Black is more active.} 23. f5 (23. Rf2 $17) 23... Qc6 $19 24. Rf4 (24. axb5 $142 axb5 25. Rf4) 24... e3 (24... bxa4 25. Nd5 $17) 25. Rd3 (25. Qe2 {is a better defense.}) 25... Bg5 ({Much less strong is} 25... bxa4 26. Nd5 Be5 (26... Nxb2 $2 27. Nxf6+ Qxf6 28. Rxe3 $19) (26... Bxb2 27. Rxc4 Qxc4 28. Bxb2 $11) 27. Rf1 Bxb2 28. Bxb2 Nxb2 29. Rxe3 Rxe3 30. Nxe3) 26. Rg4 f6 {[%emt 0:00:10] ...Ne5 would now be deadly.} 27. h4 (27. Rgd4 $142) 27... Bh6 {[%emt 0:00:07] Hoping for ...Ne5.} 28. Nd5 $2 (28. axb5 axb5 29. Rd1) 28... Ne5 {[%emt 0:00:51] Black is clearly winning.} (28... bxa4 $2 29. Rgd4 (29. Qc3 $2 e2 $19) 29... Re5 30. Nb4 $19) 29. Rgd4 Nxd3 30. Rxd3 Qxc2 31. Rc3 Qf2 {[%emt 0:00:26] Weighted Error Value: White=0.99/Black=0.26 (precise) .  Mistake:       	White=7     	Black=1      Inaccurate:     	---       	Black=1      OK:         	White=4     	Black=8      Best:        	---       	Black=3} 0-1

[Event "3rd Rio Open 2024"]
[Site "Rio de Janeiro"]
[Date "2024.04.23"]
[Round "2.4"]
[White "Piccoli, Lucas Fonseca"]
[Black "Soares, Joao Carlos T. C."]
[Result "1-0"]
[ECO "C02"]
[WhiteElo "2274"]
[BlackElo "1991"]
[Annotator "TA"]
[PlyCount "85"]
[EventDate "2024.04.12"]
[EventType "swiss"]
[EventCountry "BRA"]
[SourceTitle "playchess.com"]
[Source "ChessBase"]
[SourceQuality "1"]
[TimeControl "5400+30"]

1. e4 e6 2. d4 d5 3. e5 c5 4. c3 Qb6 5. Nf3 Nc6 6. Be2 Bd7 7. O-O Rc8 8. dxc5 Bxc5 9. b4 Be7 10. Bf4 Nh6 {[%emt 0:05:35][%cal Bg8h6,Bh6f5,Bf5h4,Bh4f3][%mdl 32] White is slightly better.} 11. a3 Nf5 12. Bd3 h6 13. g4 (13. h3 $14) 13... Nh4 $11 14. Nbd2 Nxf3+ 15. Nxf3 a6 16. Rc1 Qa7 17. a4 Qb8 18. Qe2 Na7 (18... h5 $14) 19. b5 $16 {[%emt 0:00:00] White is more active. Black is on the road to losing.} a5 (19... axb5 $16 20. axb5 Qc7) 20. Bg3 $18 h5 (20... Rd8 {was worth a try.} 21. Qe3 Ba3) 21. h3 Rc5 22. Nd4 Nc8 23. gxh5 Nb6 $2 {[%emt 0:00:34] [#]} (23... Qc7 {might work better.} 24. Qg4 Bf8) 24. Qg4 $1 Kf8 (24... Bf8 25. f4 (25. Nb3 Rc7 $18) 25... Nc4) 25. f4 {[%emt 0:00:25] Hoping for f5.} Nc4 26. Qe2 {[%emt 0:00:28] Repels Ne3} (26. f5 $142 Ne3 27. Qf3 Nxf5 28. Bxf5 exf5 29. e6 (29. Nxf5 Be6 $18)) 26... Rh6 27. Kh2 {[%emt 0:03:25] f5 is the strong threat.} g6 (27... Kg8 28. Rg1 Kh8) 28. hxg6 fxg6 29. Rce1 Kf7 {[%emt 0:01:27][%cal Bf8f7,Bf7e8,Be8d7][%mdl 32] [#]} 30. f5 $1 gxf5 {[%emt 0:00:20] [#]} (30... Kg8 31. f6) 31. Bxf5 $1 {[%emt 0:00:05][%cal Oe2g4][%mdl 512] Black must now prevent Qg4!} Qh8 (31... Kg7 32. Nxe6+) 32. Bxe6+ Ke8 33. Bxd7+ Kxd7 34. Qg4+ Ke8 35. Nf5 Nd2 36. Rf2 Rc4 37. Rf4 Rxf4 38. Bxf4 Rxh3+ 39. Kg2 {[%emt 0:00:23] Intending Nd6+ and mate.} Rh7 40. Nd6+ Bxd6 41. Qg6+ (41. exd6+ $142 Ne4 42. Qc8+ Kf7 43. Qf5+ (43. Qxb7+ Kf6 $11) 43... Qf6 44. Qxh7+ Ke6 45. Rxe4+ dxe4 46. Qxe4+ Kd7 47. Qxb7+ Ke6 48. Qe4+ (48. Qc8+ Kf7 $18) 48... Kf7 49. d7) 41... Kf8 42. Qxd6+ (42. exd6 $142 Ne4 43. Rf1 (43. Qf5+ Qf6 $18)) 42... Ke8 43. Qb8+ {[%emt 0:01:23] Weighted Error Value: White=0.51/Black=0.69.  Mistake:       	White=2     	Black=6      Inaccurate:     	White=1     	Black=2      OK:         	White=5     	Black=5      Best:        	White=3     	Black=1      Strong:       	White=1     	---} (43. Bxd2 {leads to mate.} Rh2+ 44. Kg1 Rh1+ 45. Kf2 Qh4+ 46. Ke2 Rh2+ 47. Kd1 Qxa4+ 48. Kc1 Qa1+ (48... Qxb5 49. Qe6+ Kf8 50. Rg1) 49. Kc2 Qa2+ (49... Qxe1 50. Qb8+ Ke7 51. Qxb7+ Kd8 52. Qb8+ Ke7 53. Qb7+ Kd8 54. Qxd5+ Kc7 55. c4 $14) 50. Kc1 Qxd2+ 51. Kb1 Qxe1#) 1-0